 Dungeon Crawl Stone Soup version 0.26-a0-497-g0187308201 (webtiles) character file.

Game seed: 2260256408250119338

115 MrRokkomies the Stinger (level 5, -1/31 HPs)
             Began as an Octopode Venom Mage on Aug 6, 2020.
             Was an Initiate of Gozag.
             Slain by an orc
             ... wielding a cursed -2 short sword
              (2 damage)
             ... on level 3 of the Dungeon.
             The game lasted 00:03:55 (1771 turns).

MrRokkomies the Stinger (Octopode Venom Mage)       Turns: 1771, Time: 00:03:55

Health: -1/31      AC:  1    Str: 13    XL:     5   Next: 0%
Magic:  8/8        EV: 14    Int: 19    God:    Gozag
Gold:   97         SH:  0    Dex: 12    Spells: 5/8 levels left

rFire    . . .     SeeInvis .   a - +0 short sword
rCold    . . .     Faith    .   (no shield)
rNeg     . . .     Spirit   .   (helmet restricted)
rPois    .         Reflect  .   (no amulet)
rElec    .         Harm     .   i - +6 ring of strength
rCorr    .                      (no ring)
MR       .....                  (no ring)
Stlth    +++.......             (no ring)
HPRegen  0.10/turn              (no ring)
MPRegen  0.11/turn              (no ring)
                                (no ring)
                                (no ring)

@: brilliant, gold aura, stab, very slightly contaminated, invisible
A: almost no armour, stealthy swim, amphibious, 8 rings, constrict 8, camouflage
1, gelatinous body 1
a: Potion Petition, Call Merchant, Bribe Branch, Renounce Religion


You were on level 3 of the Dungeon.
You worshipped Gozag.
Gozag was noncommittal.
You visited 1 branch of the dungeon, and saw 3 of its levels.

You collected 97 gold pieces.

Inventory:

Hand Weapons
 a - a +0 short sword (weapon)
 b - a +0 hunting sling
Missiles
 d - 2 javelins (quivered)
 g - 5 curare-tipped darts
 q - 13 poisoned darts
 t - 24 stones
Jewellery
 i - a +6 ring of strength (left tentacle)
Scrolls
 e - 2 scrolls of random uselessness {unknown}
 h - a scroll of noise {unknown}
 l - a scroll of enchant weapon {unknown}
 n - a scroll of fear {unknown}
 o - 2 scrolls of teleportation {unknown}
 s - 2 scrolls of identify {unknown}
Potions
 c - 2 potions of brilliance
 f - a potion of stabbing {unknown}
 j - a potion of haste {unknown}
 k - a potion of heal wounds {unknown}
 m - a potion of might {unknown}
 p - 3 potions of degeneration {unknown}
 r - a potion of curing {unknown}


   Skills:
 * Level 3.2 Dodging
 + Level 3.7 Stealth
 - Level 2.0 Spellcasting
 + Level 1.9 Transmutations
 * Level 4.8 Poison Magic


You had 5 spell levels left.
You knew the following spells:

 Your Spells              Type           Power        Failure   Level
a - Sting                 Tmut/Pois      ###.         4%          1
b - Poisonous Vapours     Pois/Air       ###...       10%         2

Your spell library contained the following spells:

 Spells                   Type           Power        Failure   Level
 Ignite Poison            Fire/Tmut/Pois ###.....     21%         3
 Olgreb's Toxic Radiance  Pois           ####....     22%         4
 Mephitic Cloud           Conj/Pois/Air  ##......     26%         3


Dungeon Overview and Level Annotations

Branches:
Dungeon (3/15)

Altars:
Gozag


Innate Abilities, Weirdness & Mutations

You cannot wear most types of armour.
You are very stealthy in the water. (Stealth+)
You are amphibious.
You can wear up to eight rings at the same time.
You can use your tentacles to constrict eight enemies at once.
Your skin changes colour to match your surroundings (Stealth+).
Your rubbery body absorbs attacks. (AC +1, EV +1)


Message History

Things that are here:
5 gold pieces; a +0 dagger; a +0 robe The orc barely misses you.
Found 17 bolts.
The orc shouts!
You hit the orc. You grab the orc.
The orc is moderately wounded.
You constrict the orc. The orc misses you.
The helpless orc fails to defend itself.
You puncture the orc!
You kill the orc!
You have reached level 5!
You feel clever.
You see here 6 gold pieces.
The orc hits you with a cursed -2 short sword.
* * * LOW HITPOINT WARNING * * *
You barely miss the orc. Your grab misses the orc. The orc barely misses you.
The orc hits you with a cursed -2 short sword.
You die...
Your body crumbles into a pile of gold.

#........##
.#
#######..##
#
.........##
#######...#
#>#......
###$#.<###.
###...##..#
#...$.#
#...
#..@>.#
####
#...o.#
#...).#
#...#.#
#.###.# ..
.(# ... ..
...# #


You could see an orc.

Vanquished Creatures
  An orc wizard (D:3)
  3 adders
  2 worms (D:2)
  2 leopard geckos (D:1)
  An orc (D:3)
  10 bats
  5 giant cockroaches
  3 goblins
  7 hobgoblins
  4 jackals (D:2)
  3 kobolds
  A ball python (D:3)
  4 frilled lizards
  9 rats
55 creatures vanquished.

Notes
Turn   | Place    | Note
-------+----------+-------------------------------------------
     0 | D:1      | MrRokkomies the Octopode Venom Mage began the quest for the
                  | Orb.
     0 | D:1      | Reached XP level 1. HP: 11/11 MP: 3/3
   137 | D:1      | Reached XP level 2. HP: 15/17 MP: 5/5
   184 | D:1      | Learned a level 2 spell: Poisonous Vapours
   271 | D:1      | Reached skill level 4 in Poison Magic
   537 | D:1      | Reached XP level 3. HP: 18/21 MP: 6/6
  1073 | D:2      | Found a faded altar of an unknown god.
  1083 | D:2      | Became a worshipper of Gozag Ym Sagoz the Greedy
  1204 | D:2      | Reached XP level 4. HP: 27/27 MP: 3/7
  1768 | D:3      | Reached XP level 5. HP: 4/31 MP: 8/8
  1770 | D:3      | HP: 1/31 [orc/cursed -2 short sword (4)]
  1771 | D:3      | Slain by an orc

Illustrated notes

Levels and vault maps discovered:
D:1:      dpeg_arrival_arbitrary_b, layout_basic,
          chequers_serial_rivers_micro_c, serial_bayou_lagoon_b
D:2:      layout_basic, chequers_ecumenical_altar_island
D:3:      layout_rooms, uniq_jessica

Skill      XL: |  1  2  3  4 |
---------------+-------------+-----
Stealth        | 3 |  3.7
Poison Magic   | 4 |  4.8
Dodging        | 3 |  3.2
Spellcasting   | |  2.0
Transmutations | |  1.9

Action                   |  1- 3 |  4- 6 || total
-------------------------+-------+-------++-------
Melee: Unarmed           |    11 |       ||    11
       Constrict         |    25 |     8 ||    33
       Tentacles         |    10 |     6 ||    16
       Short sword       |    62 |    33 ||    95
 Cast: Sting             |     6 |     7 ||    13
       Poisonous Vapours |       |     2 ||     2
Invok: Potion Petition   |       |     1 ||     1
  Use: Potion            |       |     1 ||     1
 Stab: Sleeping          |    15 |     3 ||    18
Armor: Skin              |     4 |     1 ||     5
Dodge: Dodged            |    51 |    30 ||    81

Table legend: (Time is in decaauts)
 A = Elapsed time spent in this place.
 B = Non-inter-level travel time spent in this place.
 C = Inter-level travel time spent in this place.
 D = Time resting spent in this place.
 E = Time spent auto-exploring this place.
 F = Levels seen in this place.
 G = Mean time per level.
                   A        B        C        D        E       F      G
               +--------+--------+--------+--------+--------+-----+--------+
         Total |   1778 |   1755 |     23 |    279 |   1058 |   3 |  592.7 |
       Dungeon |   1778 |   1755 |     23 |    279 |   1058 |   3 |  592.7 |
               +--------+--------+--------+--------+--------+-----+--------+

Top non-repeatable levels by time:
     D:1: 771 daAuts
     D:2: 728 daAuts
     D:3: 278 daAuts
